 Dungeon Crawl Stone Soup version 0.29-a0-472-ge5599a681e (webtiles) character file.

Game seed: 4140632214098863348

2509 valliere the Evangelist (level 9, -1/75 HPs)
             Began as a Hill Orc Monk on May 23, 2022.
             Was an Elder of Beogh.
             Slain by a mummy (11 damage)
             ... in an ossuary.
             The game lasted 00:34:25 (7438 turns).

valliere the Evangelist (Hill Orc Monk)             Turns: 7438, Time: 00:34:26

Health: -1/75      AC: 11    Str: 18    XL:     9   Next: 53%
Magic:  17/17      EV: 11    Int: 10    God:    Beogh [****..]
Gold:   440        SH:  0    Dex: 13    Spells: 8/8 levels left

rFire   . . .      SeeInvis .   r - +0 hand axe (drain)
rCold   . . .      Faith    +   (no shield)
rNeg    + . .      Spirit   .   k - +2 ring mail {rN+}
rPois   .          Reflect  .   p - +0 helmet
rElec   .          Harm     .   l - +1 cloak of Serendipity {+Inv}
rCorr   .          Rampage  .   j - +0 pair of gloves
Will    .....                   (no boots)
Stlth   +.........              d - amulet of faith
HPRegen 0.22/turn               (no ring)
MPRegen 0.15/turn               (no ring)

@: no status effects
A: no striking features
a: Renounce Religion, Evoke Invisibility, Smiting, Recall Orcish Followers


You were in an ossuary.
You worshipped Beogh.
Beogh was greatly pleased with you.
You visited 1 branch of the dungeon, and saw 7 of its levels.
You also visited: Ossuary.

You collected 440 gold pieces.

Inventory:

Hand Weapons
 a - a +0 hand axe
 c - a +3 short sword of speed
 r - a +0 hand axe of draining (weapon)
 u - a +6 vorpal flail
 F - the +7 scimitar of Fear {vamp, Fly Dex+5}
   (You found it on level 5 of the Dungeon)

   It occasionally heals its wielder for a portion of the damage dealt when it
   wounds a living foe.
   Dex:       It affects your dexterity (+5).
   Fly:       It grants you flight.
 I - the +4 falchion of the Dead {spect, rF- rN+ rCorr Dex+2}
   (You found it on level 6 of the Dungeon)

   When its wielder attacks, the weapon's spirit leaps out and strikes again.
   The spirit shares a part of any damage it takes with its wielder.
   Dex:       It affects your dexterity (+2).
   rF:        It makes you vulnerable to fire.
   rN:        It protects you from negative energy.
   rCorr:     It protects you from acid and corrosion.
Missiles
 m - 5 throwing nets (quivered)
Armour
 b - a +0 robe
 i - a +0 leather armour
 j - a +0 pair of gloves (worn)
 k - a +2 ring mail of positive energy (worn)
 l - the +1 cloak of Serendipity (worn) {+Inv}
   (You found it on level 3 of the Dungeon)

   +Inv:      It lets you turn invisible.
 p - a +0 helmet (worn)
Jewellery
 d - an amulet of faith (around neck)
 v - an amulet of regeneration
 B - an amulet of the acrobat
 L - a ring of magical power
Wands
 y - a wand of mindburst (5)
 G - a wand of flame (7)
Scrolls
 e - 3 scrolls of amnesia {unknown}
 g - 12 scrolls of identify {unknown}
 h - 2 scrolls of fog {unknown}
 n - 2 scrolls of poison {unknown}
 w - 2 scrolls of magic mapping {unknown}
 z - a scroll of enchant weapon {unknown}
 A - a scroll of teleportation {unknown}
 D - a scroll of torment {unknown}
 E - a scroll of vulnerability {unknown}
 J - a scroll of fear {unknown}
 K - a scroll of enchant armour {unknown}
 M - a scroll of silence {unknown}
Potions
 f - 3 potions of might {unknown}
 o - 2 potions of resistance {unknown}
 q - a potion of brilliance {unknown}
 s - 3 potions of mutation {unknown}
 t - 2 potions of lignification {unknown}
 x - a potion of heal wounds {unknown}
 C - 4 potions of curing {unknown}
 H - a potion of attraction {unknown}
 N - a potion of haste {unknown}
 O - a potion of magic {unknown}


   Skills:
 + Level 5.9 Fighting
 * Level 10.7 Axes
 - Level 2.4 Dodging
 - Level 1.5 Stealth
 * Level 11.9 Invocations


You had 8 spell levels left.
You didn't know any spells.
Your spell library contained the following spells:

 Spells                   Type           Power      Damage    Failure   Level
 Shock                    Conj/Air       0%         1d3       56%         1
 Summon Guardian Golem    Hex/Summ       0%         N/A       90%         3
 Swiftness                Air            0%         N/A       90%         3
 Airstrike                Air            0%         N/A       100%        4
 Orb of Destruction       Conj           0%         9d5       100%        7
 Spellforged Servitor     Conj/Summ      0%         N/A       100%        7


Dungeon Overview and Level Annotations

Branches:
Dungeon (7/15)             Temple (0/1) D:5         Ossuary (1/1)

Altars:

Annotations:
D:5 1 runed translucent door, trentariffic's ghost, amateur DrAK


Message History

You barely miss the mummy.
The mummy is moderately damaged.
You hit the mummy. The mummy hits you! x2
You are too injured to fight recklessly!
You are too injured to fight recklessly!
You hit the mummy but do no damage.
The mummy is heavily damaged.
You hit the mummy. You hit the mummy but do no damage.
The mummy is heavily damaged.
You barely miss the mummy. The mummy hits you!
* * * LOW HITPOINT WARNING * * *
The mummy hits you but does no damage.
You slash the mummy!
The mummy is almost destroyed.
The sentinel's mark upon you fades away.
You hit the mummy. You punch the mummy, but do no damage.
The mummy is almost destroyed.
You barely miss the mummy.
The mummy is almost destroyed.
You hit the mummy but do no damage. Your punch misses the mummy.
The mummy is almost destroyed.
You hit the mummy but do no damage. You slash the mummy!
You destroy the mummy!
Beogh accepts your kill.
You hit the mummy but do no damage. The mummy hits you.
* * * LOW HITPOINT WARNING * * *
You hit the mummy but do no damage.
The mummy is moderately damaged.
You hit the mummy but do no damage.
The mummy is moderately damaged.
The mummy hits you.
* * * LOW HITPOINT WARNING * * *
You hit the mummy but do no damage.
The mummy is moderately damaged.
You closely miss the mummy.
The mummy is moderately damaged.
The mummy hits you!
You die...

.?! ##### !..
#... #.# ... #.#
#^# ###'### #.###
##.....## ##.'.#
##.......###..###
#.M.......#...'.#
+@...⌠....'...###
#.........#...'.#
##.......###..###
##.....## ##.'.#
###'### #.### #.#
##.## ##.## #...#
#.∩.# #...# #.∩.#
#####


You could see a mummy.

Vanquished Creatures
  A komodo dragon (D:5)
  Menkaure (D:7)
  Edmund (D:4)
  A water moccasin (D:5)
  A black bear (D:4)
  An ice beast (D:6)
  A sky beast (D:5)
  2 phantoms
  Blork the orc (D:5)
  A scorpion (D:6)
  2 necrophages (D:5)
  2 howler monkeys
  A centaur zombie (Ossuary)
  A jelly (D:5)
  2 orc priests
  3 hounds (D:5)
  A gnoll shaman (D:5)
  5 iguanas
  5 orc wizards (D:5)
  4 mummies (Ossuary)
  Robin (D:3)
  10 gnolls
  2 shadow imps
  A white imp (D:7)
  4 ufetubi
  5 worms
  3 dart slugs
  13 orcs
  4 bats
  7 endoplasms
  2 giant cockroaches
  10 hobgoblins
  2 jackals (D:5)
  A quokka (D:1)
  5 ball pythons
  2 frilled lizards
  2 gnoll zombies (Ossuary)
  13 goblins
  6 kobolds
  A kobold zombie (Ossuary)
  8 rats
139 creatures vanquished.

Vanquished Creatures (collateral kills)
  A water moccasin (D:7)
  An ice beast (D:7)
  A black bear (D:6)
  A centaur (D:7)
  A scorpion (D:6)
  A necrophage (D:6)
  A howler monkey (D:6)
  A jelly (D:6)
  A hound (D:6)
  An iguana (D:7)
  An orc wizard (D:7)
  3 gnolls (D:7)
  A white imp (D:7)
  An orc (D:6)
16 creatures vanquished.

Vanquished Creatures (others)
  3 orcs
  10 fungi (D:3)
  4 toadstools (D:3)
17 creatures vanquished.

Grand Total: 172 creatures vanquished

Notes
Turn   | Place    | Note
-------+----------+-------------------------------------------
     0 | D:1      | valliere the Hill Orc Monk began the quest for the Orb.
     0 | D:1      | Reached XP level 1. HP: 19/19 MP: 1/1
     0 | D:1      | Noticed a minotaur skeleton
    21 | D:1      | Noticed a minotaur skeleton
   164 | D:1      | Reached skill level 1 in Invocations
   251 | D:2      | Reached XP level 2. HP: 9/26 MP: 1/3
   643 | D:2      | Reached skill level 2 in Invocations
  1045 | D:3      | Identified the +1 cloak of Serendipity {+Inv}
  1279 | D:3      | Reached skill level 3 in Invocations
  1279 | D:3      | Reached XP level 3. HP: 23/31 MP: 5/5
  1420 | D:3      | Noticed Robin
  1440 | D:3      | Killed Robin
  1441 | D:3      | Reached XP level 4. HP: 34/39 MP: 6/6
  1551 | D:3      | Reached skill level 4 in Invocations
  1606 | D:3      | Reached skill level 5 in Axes
  2716 | D:4      | Became a worshipper of Beogh the Brigand
  2716 | D:4      | Reached * piety under Beogh
  2716 | D:4      | Reached ** piety under Beogh
  2729 | D:4      | Reached skill level 5 in Invocations
  2729 | D:4      | Reached XP level 5. HP: 40/45 MP: 4/8
  2747 | D:4      | Noticed a black bear
  2804 | D:4      | Killed a black bear
  2907 | D:4      | Reached skill level 6 in Invocations
  2907 | D:4      | Reached XP level 6. HP: 51/51 MP: 10/10
  2958 | D:4      | Noticed Edmund
  2977 | D:4      | Killed Edmund
  3217 | D:4      | Reached skill level 7 in Invocations
  3475 | D:5      | Entered Level 5 of the Dungeon
  3509 | D:5      | Reached XP level 7. HP: 46/57 MP: 12/12
  3544 | D:5      | Reached skill level 8 in Invocations
  3826 | D:5      | Noticed Blork the orc
  4280 | D:1      | Found a faded altar of an unknown god.
  4686 | D:5      | Killed Blork the orc
  4686 | D:5      | Reached *** piety under Beogh
  4933 | D:5      | Reached skill level 9 in Invocations
  4942 | D:5      | Reached XP level 8. HP: 51/64 MP: 14/14
  5036 | D:5      | Noticed a komodo dragon
  5163 | D:5      | Killed a komodo dragon
  5164 | D:5      | Reached skill level 10 in Invocations
  5261 | D:5      | Identified the +7 scimitar of Fear {vamp, Fly Dex+5}
  5353 | D:5      | Found a staircase to the Ecumenical Temple.
  5553 | D:5      | Found a runed translucent door.
  5554 | D:5      | Noticed trentariffic's ghost (amateur DrAK)
  5768 | D:5      | Identified the +10 spear of Arbitration {speed, rC- rN+++
                  | Stlth+}
  5888 | D:6      | Reached skill level 5 in Fighting
  5932 | D:6      | Reached XP level 9. HP: 69/74 MP: 17/17
  6032 | D:6      | Reached skill level 11 in Invocations
  6130 | D:6      | Identified the +4 falchion of the Dead {spect, rF- rN+
                  | rCorr Dex+2}
  6369 | D:6      | Reached skill level 10 in Axes
  6949 | D:7      | Noticed Menkaure
  6953 | D:7      | Killed Menkaure
  7180 | D:7      | Reached **** piety under Beogh
  7200 | D:7      | Found a sand-covered staircase.
  7217 | Ossuary  | Entered an ossuary
  7438 | Ossuary  | Slain by a mummy

Illustrated notes

Levels and vault maps discovered:
D:1:      shiori_arrival_whats_in_store_for_you, layout_basic,
          dilly_ecumenical_altar_fadedgnrine, serial_glass, glass_columns_b,
          glass_columns_a, chequers_serial_rivers_room_b, serial_bayou_pond_a
D:2:      layout_rooms
D:3:      layout_loops_corners, minmay_gold_behind_fungi, uniq_robin
D:4:      layout_gridville, kennysheep_small_spiral,
          chequers_serial_rivers_small_b, uniq_edmund
D:5:      minmay_clustersquares, layout_loops_ring, minmay_temple_entry_wispy,
          ebering_ghost_reflecting_pool, hangedman_decor_points,
          uniq_blork_the_orc
D:6:      layout_loops_ring
D:7:      layout_gridville, enter_ossuary_1, uniq_menkaure
Ossuary:  ossuary_crypta

Skill      XL: |  1  2  3  4  5  6  7  8  9 |
---------------+----------------------------+-----
Invocations    | 1 3 5 6 7 9 10 11 | 11.9
Axes           | 5 6 7 9 10 | 10.7
Fighting       | 5 |  5.9
Dodging        | |  2.4
Stealth        | |  1.5

Action                   |  1- 3 |  4- 6 |  7- 9 || total
-------------------------+-------+-------+-------++-------
Melee: Hand axe          |    76 |   143 |   393 ||   612
       Punch             |     1 |     2 |     8 ||    11
Invok: Smiting           |       |     3 |     2 ||     5
       Convert to Beogh  |       |     1 |       ||     1
  Use: Potion            |     1 |       |       ||     1
 Stab: Sleeping          |     1 |       |     1 ||     2
Armor: Robe              |     4 |       |       ||     4
       Ring mail         |    36 |    54 |   170 ||   260
Dodge: Dodged            |    47 |    69 |   192 ||   308

Table legend: (Time is in decaauts)
 A = Elapsed time spent in this place.
 B = Non-inter-level travel time spent in this place.
 C = Inter-level travel time spent in this place.
 D = Time resting spent in this place.
 E = Time spent auto-exploring this place.
 F = Levels seen in this place.
 G = Mean time per level.
                   A        B        C        D        E       F      G
               +--------+--------+--------+--------+--------+-----+--------+
         Total |   7398 |   7006 |    392 |      0 |   5727 |   8 |  924.8 |
       Dungeon |   7195 |   6803 |    392 |      0 |   5601 |   7 | 1027.9 |
       Ossuary |    203 |    203 |      0 |      0 |    126 |   1 |  203.0 |
               +--------+--------+--------+--------+--------+-----+--------+

Top non-repeatable levels by time:
     D:5: 1631 daAuts
     D:4: 1270 daAuts
     D:3: 1260 daAuts
     D:2: 862 daAuts
     D:6: 850 daAuts
     D:1: 833 daAuts
     D:7: 487 daAuts
 Ossuary: 203 daAuts
